 Dungeon Crawl Stone Soup version 0.29-a0-648-g6b26cc9f40 (webtiles) character file.

Game seed: 18205919007655427550

1876804 dolemite99 the Slayer (level 25, 204/204 HPs)
             Began as a Demonspawn Gladiator on June 21, 2022.
             Was an Initiate of Gozag.
             Escaped with the Orb
             ... and 4 runes!
             The game lasted 02:28:52 (98318 turns).

dolemite99 the Slayer (Demonspawn Gladiator)       Turns: 98318, Time: 02:28:53

Health: 204/204    AC: 49    Str: 29      XL:     25   Next: 86%
Magic:  23/23      EV: 11    Int: 11 (12) God:    Gozag
Gold:   1255       SH:  0    Dex: 23      Spells: 20/24 levels left

rFire   + . .      SeeInvis +   a - +7 lajatang (spect)
rCold   + . .      Faith    .   (shield currently unavailable)
rNeg    . . .      Spirit   +   h - +12 gold dragon scales
rPois   +          Reflect  .   (helmet unavailable)
rElec   +          Harm     .   F - +2 cloak {Will+}
rCorr   .          Rampage  .   y - +0 pair of gloves of Slovenliness {Str+5 Slay+3}
Will    ++++.                   c - +2 pair of boots of Happy Babbling {rElec Str+2 Dex+6}
Stlth   ..........              l - amulet of regeneration
HPRegen 1.24/turn               e - +6 ring of strength {=R}
MPRegen 0.36/turn               f - ring "Vaotsae" {rElec Will++ AC+4 Str-4}

@: flying
A: antennae 3, thin metallic scales 3, demonic guardian 3, magic shield, magic
regeneration, magic link, black mark, bedeviling, deterioration 1, frail 1,
electricity resistance, weak 1, subdued magic 2, MP-powered wands
0: Orb of Zot
}: 4/15 runes: serpentine, barnacled, slimy, silver
a: Renounce Religion, Potion Petition, Call Merchant, Bribe Branch


You escaped.
You worshipped Gozag.
Gozag was most pleased with you.
You visited 12 branches of the dungeon, and saw 57 of its levels.

You collected 28612 gold pieces.
You spent 5628 gold pieces at shops.
You paid 21729 gold pieces to Gozag.

Inventory:

Hand Weapons
 a - a +7 spectral lajatang (weapon)
 b - a +8 longbow of freezing
Armour
 c - the +2 pair of boots of Happy Babbling (worn) {rElec Str+2 Dex+6}
   (You acquired it on level 2 of the Depths)

   Str:       It affects your strength (+2).
   Dex:       It affects your dexterity (+6).
   rElec:     It insulates you from electricity.
 h - +12 gold dragon scales (worn)
 y - the +0 pair of gloves of Slovenliness (worn) {Str+5 Slay+3}
   (You bought it in a shop on level 4 of the Vaults)

   Str:       It affects your strength (+5).
   Slay:      It affects your accuracy & damage with ranged weapons and melee
   (+3).
 F - a +2 cloak of willpower (worn)
Jewellery
 e - a +6 ring of strength (left hand) {=R}
 f - the ring "Vaotsae" (right hand) {rElec Will++ AC+4 Str-4}
   (You acquired it on level 2 of the Vaults)

   [ring of protection]

   AC:        It affects your AC (+4).
   Str:       It affects your strength (-4).
   rElec:     It insulates you from electricity.
   Will:      It greatly increases your willpower.
 g - the ring of Tudefeos {rC+ AC+4}
   (You found it on level 3 of the Crypt)

   [ring of protection]

   AC:        It affects your AC (+4).
   rC:        It protects you from cold.
 i - a ring of protection from fire
 k - a +4 ring of slaying
 l - an amulet of regeneration (around neck)
 m - the ring "Jagio" {Fly AC+4}
   (You took it off an ironbound preserver on level 5 of the Vaults)

   [ring of protection]

   AC:        It affects your AC (+4).
   Fly:       It grants you flight.
 w - the amulet "Usech" {Faith rElec rF+ Dex+2}
   (You took it off a wizard on level 4 of the Vaults)

   [amulet of faith]

   It allows you to gain divine favour quickly.
   Dex:       It affects your dexterity (+2).
   rF:        It protects you from fire.
   rElec:     It insulates you from electricity.
 O - a +4 ring of evasion
 V - a ring of willpower
 X - a ring of resist corrosion
Wands
 E - a wand of quicksilver (4)
 K - a wand of polymorph (29)
 L - a wand of digging (11)
 S - a wand of paralysis (46)
 U - a wand of mindburst (8)
 Z - a wand of flame (14)
Scrolls
 d - a scroll of vulnerability
 p - 2 scrolls of fog
 q - a scroll of blinking
 s - 4 scrolls of immolation
 t - a scroll of silence
 v - 6 scrolls of magic mapping
 x - 5 scrolls of noise
 C - 10 scrolls of teleportation
 H - 5 scrolls of torment
 I - 4 scrolls of fear
 P - a scroll of brand weapon
 R - 12 scrolls of poison
 W - 39 scrolls of identify {@r1}
Potions
 j - 8 potions of attraction
 n - 6 potions of might
 o - 7 potions of mutation
 u - 13 potions of lignification
 A - 4 potions of ambrosia
 B - 2 potions of flight
 G - 19 potions of curing
 J - 11 potions of brilliance
 N - 4 potions of magic
Miscellaneous
 r - a phantom mirror
 z - a condenser vane
 M - a box of beasts
 Q - a lightning rod (4/4)
 T - a tin of tremorstones (2/2)
 Y - a phial of floods


   Skills:
 - Level 25.0 Fighting
 - Level 14.0 Staves
 - Level 18.1 Bows
 - Level 1.7 Throwing
 - Level 15.2 Armour
 - Level 8.0 Dodging
 - Level 13.6 Translocations
 + Level 10.6 Earth Magic
 - Level 22.4 Evocations


You had 20 spell levels left.
You knew the following spells:

 Your Spells              Type           Power      Damage    Failure   Level
a - Blink                 Tloc           36%        N/A       1%          2
b - Passwall              Tmut/Erth      5%         N/A       63%         2

Your spell library contained the following spells:

 Spells                   Type           Power      Damage    Failure   Level
 Sandblast                Erth           28%        2d8       4%          1
 Gell's Gravitas          Tloc           18%        N/A       4%          3
 Lesser Beckoning         Tloc           18%        N/A       4%          3
 Teleport Other           Tloc           18%        N/A       4%          3
 Portal Projectile        Hex/Tloc       28%        N/A       67%         3
 Stone Arrow              Conj/Erth      14%        3d7       86%         3
 Lee's Rapid Deconstruct  Erth           7%         3d7*      87%         5
 Dispersal                Tloc           9%         N/A       96%         6
 Beastly Appendage        Tmut           0%         N/A       99%         1
 Magic Dart               Conj           0%         1d3       99%         1
 Shock                    Conj/Air       0%         1d3       99%         1
 Slow                     Hex            0%         N/A       99%         1
 Sting                    Tmut/Pois      0%         1d3       99%         1
 Summon Small Mammal      Summ           0%         N/A       99%         1
 Animate Armour           Summ/Erth      14%        N/A       99%         4
 Leda's Liquefaction      Hex/Erth       5%         N/A       99%         4
 Petrify                  Tmut/Erth      7%         N/A       99%         4
 Call Imp                 Summ           0%         N/A       100%        2
 Ensorcelled Hibernation  Hex/Ice        0%         N/A       100%        2
 Poisonous Vapours        Pois/Air       0%         N/A       100%        2
 Static Discharge         Conj/Air       0%         N/A       100%        2
 Sublimation of Blood     Necr           0%         N/A       100%        2
 Wereblood                Tmut           0%         N/A       100%        2
 Call Canine Familiar     Summ           0%         N/A       100%        3
 Confusing Touch          Hex            0%         N/A       100%        3
 Conjure Flame            Conj/Fire      0%         6-21      100%        3
 Ignite Poison            Fire/Tmut/Pois 0%         N/A       100%        3
 Mephitic Cloud           Conj/Pois/Air  0%         N/A       100%        3
 Ozocubu's Armour         Ice            0%         N/A       100%        3
 Spider Form              Tmut/Pois      0%         N/A       100%        3
 Summon Guardian Golem    Hex/Summ       0%         N/A       100%        3
 Swiftness                Air            0%         N/A       100%        3
 Tukima's Dance           Hex            0%         N/A       100%        3
 Vampiric Draining        Necr           0%         2d6       100%        3
 Airstrike                Air            0%         N/A       100%        4
 Anguish                  Hex/Necr       0%         N/A       100%        4
 Cause Fear               Hex            0%         N/A       100%        4
 Dispel Undead            Necr           0%         3d6       100%        4
 Olgreb's Toxic Radiance  Pois           0%         N/A       100%        4
 Sticky Flame             Conj/Fire      0%         2d3       100%        4
 Summon Ice Beast         Ice/Summ       0%         N/A       100%        4
 Summon Lightning Spire   Summ/Air       0%         N/A       100%        4
 Blade Hands              Tmut           0%         N/A       100%        5
 Borgnjor's Vile Clutch   Necr/Erth      3%         N/A       100%        5
 Freezing Cloud           Conj/Ice/Air   0%         6-21      100%        5
 Irradiate                Conj/Tmut      0%         3d13      100%        5
 Lightning Bolt           Conj/Air       0%         1d11      100%        5
 Metabolic Englaciation   Hex/Ice        0%         N/A       100%        5
 Death Channel            Necr           0%         N/A       100%        6
 Statue Form              Tmut/Erth      4%         N/A       100%        6
 Dragon Form              Tmut           0%         N/A       100%        7
 Malign Gateway           Summ/Tloc      4%         N/A       100%        7
 Ozocubu's Refrigeration  Ice            0%         4d5       100%        7
 Storm Form               Tmut/Air       0%         N/A       100%        7
 Ignition                 Fire           0%         3d3       100%        8
 Maxwell's Capacitive Co  Air            0%         ∞         100%        8
 Summon Horrible Things   Summ           0%         N/A       100%        8
 Dragon's Call            Summ           0%         N/A       100%        9
 Shatter                  Erth           7%         3d9*      100%        9
 Animate Dead             Necr           Unusable   N/A       N/A         4
 Corpse Rot               Necr/Pois/Air  Unusable   N/A       N/A         4
 Simulacrum               Ice/Necr       Unusable   N/A       N/A         6

Dungeon Overview and Level Annotations

Branches:
Dungeon (15/15)            Temple (1/1) D:4            Lair (6/6) D:11
 Shoals (4/4) Lair:2        Snake (4/4) Lair:3        Slime (5/5) Lair:5
    Orc (2/2) D:12            Elf (3/3) Orc:2        Vaults (5/5) D:14
  Crypt (3/3) Vaults:3       Tomb (0/3) Crypt:3      Depths (4/4) D:15
    Zot (5/5) Depths:4

Altars:
Ashenzari
Cheibriados
Fedhas
Gozag
Hepliaklqana
Kikubaaqudgha
Makhleb
Okawaru
Qazlal
Ru
Sif Muna
Trog
Uskayaw
Vehumet
Wu Jian
Xom
Yredelemnul
Zin
The Shining One
Beogh
Jiyva
Lugonu

Shops:
D:11 (=   Orc:2 [*?=   Elf:1 !   Elf:3 *   Shoals:1 [   Shoals:2 (   Shoals:3 (
Snake:3 :==   Snake:4 (   Vaults:2 (?[   Vaults:3 [   Vaults:4 =[[   Depths:1 *

Portals:
Hell: Depths:1 Depths:2 Depths:3 Depths:4
Abyss: Depths:2 Depths:3
Pandemonium: Depths:2 Depths:3 Depths:4
Ziggurat: Depths:3
Trove: Depths:1 (give +7 demon blade)

Annotations:
Lair:4 exclusion: oklob plant
Elf:2 3 runed translucent doors
Depths:1 1 runed translucent door, exclusion: downstairs, Woytaw's ghost, adept HaHu
Zot:2 6 transporters
Zot:5 exclusion: 3 obsidian statues


Innate Abilities, Weirdness & Mutations

You have a pair of large antennae on your head. (SInv)
You are completely covered in thin metallic scales. (AC +4, rElec)
A powerful demonic guardian rushes to your aid.
When hurt, damage is shared between your health and your magic reserves.
You regenerate magic rapidly.
When low on magic, you restore magic in place of health.
Your melee attacks may debilitate your foes.
Your hexes are more powerful.
Your body sometimes deteriorates upon taking damage.
You are frail. (-10% HP)
You are resistant to electric shocks. (rElec)
You are weak. (Str -2)
Your spells are easier to cast, but less powerful.
You expend magic power (3 MP) to strengthen your wands.


Message History

The green death is lightly wounded.
Your +7 spectral lajatang closely misses the green death.
You feel sick.
You slash the green death!
The green death is lightly wounded.
Your +7 spectral lajatang hits the green death!
You feel sick. The green death gestures at you.
The poison arrow hits you but does no damage.
You are more poisoned.
You chop the green death into pieces!!!
The green death looks weaker.
The green death is almost dead.
Your +7 spectral lajatang hits the green death!!
You kill the green death!
You feel very sick.
You feel very sick.
You feel very sick.
You feel sick.
You feel sick.
You feel sick.
You now have 1255 gold pieces (gained 18).
You feel sick.
You feel sick.
There are no items here.
You feel sick.
You feel sick.
You feel sick.
You are no longer poisoned.
A Jicinaq, a reaper, a sun demon and a soul eater come into view.
The reaper is wielding a +2 scythe of protection.
The sun demon moves out of view.
There is a stone staircase leading up here.
You climb upwards.
There is a stone staircase leading down here.
HP restored.
You sense a monster nearby.
You feel very buoyant.
You fly up into the air.
There is a staircase leading out of the dungeon here.
You have escaped!

#.##.#######§#####..# #.# #...
#.##................###.###.##
#.#####..................)..##
##.#####.§≈≈≈≈≈≈§≈§..###.######
#...#...§§.§......≈..###.# #
#.....§≈§≈§§≈.....≈......# #
#...#.≈.§§§.≈.....≈.#.#########
#####.§..≈≈.§.≈≈..≈.#..........
#.≈.....≈.@≈..≈.#.#########
#§§....§§≈.≈.≈≈..## #
#.§...§§.§.≈....###########
#.≈≈≈≈≈§§§≈≈..#............
#.§...§.§.....#.###########
##..######..............# #
##.####.........>...##.#
#......##.#.######.##.#
#.#######.#.######.##.###


There were no monsters in sight!

Vanquished Creatures
  the Royal Jelly (Slime:5)
  A pandemonium lord (Zot:2)
  2 dread liches
  A juggernaut (Depths:4)
  Mennas (Vaults:2)
  Parghit (Depths:3)
  Saint Roka (Depths:4)
  Sojobo (Vaults:2)
  Xtahua (Vaults:3)
  Margery (Vaults:2)
  Nikola (Shoals:1)
  9 golden dragons
  Jory (Vaults:4)
  2 bone dragons
  A Hell Sentinel (D:12)
  4 Orb Guardians
  9 tentacled monstrosities
  7 liches
  2 deep elf blademasters (Elf:3)
  2 deep elf master archers (Elf:3)
  5 titans (Vaults:5)
  21 acid blobs
  3 ancient champions
  4 quicksilver dragons
  2 tengu reavers
  5 death cobs
  7 sphinxes
  5 shadow dragons
  3 draconian monks
  11 rockslimes
  7 storm dragons
  3 nagarajas (Snake:4)
  A revenant (Crypt:1)
  2 draconian knights
  6 fire giants
  3 deep elf sorcerers (Elf:3)
  12 azure jellies
  8 frost giants
  7 draconian scorchers
  25 vault wardens
  An iron dragon (shapeshifter) (Vaults:5)
  A juggernaut zombie (Crypt:3)
  2 balrugs
  4 ghost moths
  Aizul (Snake:1)
  An orc warlord (Vaults:3)
  5 iron dragons
  3 draconian shifters
  5 deep elf elementalists (Elf:3)
  16 ironbound preservers
  A caustic shrike skeleton (Crypt:3)
  8 war gargoyles
  6 ghouls
  16 quicksilver oozes
  2 draconian annihilators
  2 reapers
  A draconian stormcaller (Zot:2)
  16 vampire knights
  2 spriggan defenders
  12 very ugly things
  10 ironbound thunderhulks
  11 stone giants
  8 green draconians
  5 black draconians
  10 deep elf demonologists
  12 dire elephants
  9 white draconians
  7 yellow draconians
  4 spark wasps (Depths:4)
  7 deep elf annihilators
  3 minotaurs (Shoals:4)
  9 red draconians
  6 purple draconians
  4 ettins
  2 eidola (Crypt:1)
  A green death (D:2)
  7 deep elf death magi
  3 crystal guardians (Crypt:3)
  An elf zombie (Crypt:2)
  Josephine (D:11)
  2 merfolk javelineers
  5 fire dragons
  5 merfolk impalers
  10 jiangshi
  Fannar (Orc:1)
  2 boulder beetles
  3 deep elf high priests
  2 spriggan zombies (Crypt:3)
  15 great orbs of eyes
  A salamander tyrant (Snake:4)
  5 hydras
  7 yaktaur captains
  25 vault guards
  2 hell beasts
  4 merfolk avatars
  5 rakshasas
  5 ice dragons
  A spriggan skeleton (Crypt:3)
  14 ironbound frosthearts
  A catoblepas (Lair:6)
  A peacekeeper (Vaults:2)
  A spriggan air mage (Depths:2)
  5 two-headed ogres
  4 centaur warriors (Vaults:1)
  3 ogre magi (Vaults:5)
  An alligator snapping turtle (Shoals:4)
  5 anacondas
  5 naga warriors
  2 death knights (Crypt:2)
  3 deep troll shamans
  A tengu warrior (D:15)
  A titan zombie (Crypt:3)
  12 vampire magi
  4 deep troll earth magi
  2 spriggan berserkers (Depths:4)
  11 satyrs (Shoals:4)
  7 naga sharpshooters
  20 hell knights
  7 shock serpents
  5 sun demons
  4 deep elf knights (Elf:3)
  A fire crab (shapeshifter) (Vaults:5)
  3 iron trolls
  2 soul eaters
  Nergalle (Lair:1)
  Amaemon (Lair:1)
  31 skeletal warriors
  A titan skeleton (Crypt:3)
  2 salamander mystics
  A fire crab (Lair:6)
  10 sea snakes
  A golden dragon zombie (Crypt:1)
  33 deep trolls
  An anaconda zombie (Crypt:2)
  An orb spider (Zot:1)
  A bunyip zombie (Crypt:3)
  7 deep elf archers
  12 lindwurms
  3 flayed ghosts
  A shadow dragon zombie (Crypt:2)
  21 ironbound convokers
  9 orc knights
  7 wizards
  3 naga ritualists
  13 deep elf zephyrmancers
  20 phantasmal warriors
  A spriggan simulacrum (Crypt:2)
  11 necromancers
  18 harpies
  7 shining eyes
  2 wolf spiders (Lair:6)
  A mana viper (shapeshifter) (Vaults:4)
  5 mana vipers
  A goliath frog zombie (Crypt:2)
  23 ugly things
  19 deep elf pyromancers
  2 oklob plants (Shoals:1)
  100 slime creatures
  9 fauns
  5 cyclopes
  A stone giant zombie (Crypt:3)
  2 orc sorcerers (Orc:1)
  20 moths of wrath
  14 manticores
  6 salamanders
  A jorogumo skeleton (Crypt:1)
  A centaur zombie (Crypt:2)
  Maurice (D:10)
  9 elephants
  A guardian serpent (Lair:6)
  A guardian serpent (shapeshifter) (Vaults:1)
  3 rust devils
  4 merfolk sirens
  2 orange demons
  2 smoke demons (Depths:3)
  5 eyes of devastation
  A centaur skeleton (D:15)
  40 black mambas
  10 naga magi
  A gargoyle (D:11)
  21 cane toads
  23 vault sentinels
  3 redback zombies
  A hellion (D:15)
  4 freezing wraiths
  An unseen horror (D:10)
  2 kobold demonologists
  3 rime drakes
  Psyche (D:8)
  A white draconian zombie (Crypt:1)
  6 komodo dragons
  19 yaktaurs
  A yaktaur zombie (Vaults:3)
  A tengu conjurer (Depths:2)
  A golden dragon simulacrum (Crypt:2)
  3 ice devils
  A grey draconian skeleton (Crypt:1)
  A harpy zombie (Crypt:3)
  A hellwing (Depths:3)
  14 merfolk
  A hydra zombie (Crypt:3)
  2 red devils (Depths:3)
  4 trolls
  A queen bee (shapeshifter) (Elf:2)
  12 polar bears
  4 wind drakes
  An iron dragon simulacrum (Crypt:2)
  7 hornets
  Grinder (D:6)
  A harpy skeleton (Crypt:3)
  6 snapping turtles
  2 ettin zombies (Vaults:3)
  A fire dragon zombie (Crypt:1)
  12 dream sheep
  19 blink frogs
  A tarantella (Zot:1)
  2 air elementals (Elf:3)
  A raiju (Lair:6)
  An ice dragon zombie (Crypt:1)
  28 flying skulls
  11 wraiths
  2 centaur simulacra (D:14)
  2 jumping spiders (Zot:1)
  A black mamba zombie (Crypt:1)
  19 water elementals
  A spriggan (Depths:3)
  14 wyverns
  A black mamba skeleton (Crypt:2)
  A fire elemental (Elf:3)
  A basilisk (Lair:2)
  41 yaks
  A chaos spawn (Depths:3)
  Grum (D:10)
  6 vampire mosquitoes
  A steam dragon (D:7)
  5 golden eyes (D:6)
  4 redbacks (Lair:6)
  Menkaure (D:7)
  33 nagas
  11 wargs
  21 water moccasins
  Duvessa (D:6)
  An acid dragon (D:7)
  A floating eye (Depths:3)
  14 hell hounds (Lair:6)
  5 ice beasts
  A human zombie (Vaults:3)
  A floating eye zombie (Crypt:2)
  A deep troll skeleton (Crypt:2)
  A sky beast (D:7)
  36 orc warriors
  13 black bears
  26 wolves
  6 ogres
  16 centaurs
  2 phantoms
  A shining eye zombie (Crypt:2)
  23 bullfrogs
  2 kobold brigands
  7 necrophages
  4 scorpions
  A gnoll sergeant (D:6)
  An earth elemental (Elf:1)
  Dowan (D:6)
  18 killer bees
  A troll skeleton (Crypt:1)
  3 electric eels (Lair:2)
  3 howler monkeys
  3 hounds
  10 orc priests
  2 jellies
  5 iguanas
  10 orc wizards
  Natasha (D:3)
  A boggart skeleton (Crypt:2)
  An ice beast zombie (Crypt:1)
  An ogre skeleton (Crypt:2)
  8 adders
  A shadow imp (D:5)
  4 white imps
  4 ufetubi
  A worm (D:3)
  A dart slug (D:3)
  48 orcs
  5 ball pythons
  2 bats
  6 endoplasms
  2 giant cockroaches
  6 hobgoblins
  10 jackals
  19 kobolds
  2 quokkas (D:1)
  2 frilled lizards
  5 goblins
  A hobgoblin zombie (Crypt:1)
  12 rats
  A rat skeleton (Crypt:2)
  A tentacle (Shoals:1)
1906 creatures vanquished.

Vanquished Creatures (collateral kills)
  A curse toe (Zot:3)
  2 tentacled monstrosities
  2 Orb Guardians (Zot:5)
  An acid blob (Slime:5)
  A quicksilver dragon (Zot:4)
  3 death cobs
  3 storm dragons
  2 tengu reavers (Vaults:2)
  A draconian monk (Zot:2)
  4 vault wardens
  3 draconian shifters
  2 draconian scorchers
  2 ironbound preservers (Vaults:3)
  3 quicksilver oozes
  A draconian annihilator (Zot:5)
  2 ghouls (Crypt:1)
  5 very ugly things
  An ironbound thunderhulk (Vaults:1)
  2 black draconians
  A bunyip (shapeshifter) (Vaults:5)
  A green draconian (Zot:3)
  5 purple draconians
  A red draconian (Zot:1)
  5 white draconians
  A crystal guardian (Vaults:2)
  3 merfolk impalers
  An ettin (Depths:4)
  A fire dragon (D:14)
  A merfolk javelineer (Shoals:4)
  A deep elf high priest (Vaults:5)
  A jiangshi (Depths:2)
  A rakshasa (Depths:2)
  2 boulder beetles
  10 vault guards
  An ice dragon (D:14)
  2 hydras
  2 ironbound frosthearts
  3 two-headed ogres
  3 centaur warriors
  A dancing weapon (Elf:1)
  4 naga warriors
  2 satyrs (Shoals:4)
  A deep troll earth mage (Depths:2)
  A death yak (Lair:2)
  2 shock serpents (Snake:3)
  2 vampire magi
  2 sun demons (D:15)
  A deep elf knight (Elf:3)
  A fire crab (D:14)
  3 naga sharpshooters
  An iron troll (Depths:3)
  4 skeletal warriors
  2 salamander mystics
  A naga ritualist (Snake:2)
  A glowing orange brain (Slime:1)
  A sea snake (Shoals:1)
  An orb spider (Zot:1)
  2 deep elf archers
  2 deep elf zephyrmancers (Elf:1)
  5 harpies
  3 ironbound convokers
  3 lindwurms
  3 deep trolls
  3 wizards
  3 orc knights
  4 deep elf pyromancers
  4 cyclopes
  3 fauns (Shoals:2)
  A necromancer (D:15)
  12 ugly things
  A shining eye (Slime:4)
  5 salamanders
  2 moths of wrath
  4 manticores
  A salamander (shapeshifter) (D:14)
  6 black mambas
  3 naga magi
  An elephant (shapeshifter) (D:14)
  A torpor snail (Lair:2)
  An eye of devastation (shapeshifter) (Depths:3)
  3 vault sentinels
  A komodo dragon (D:11)
  A rime drake (D:14)
  A freezing wraith (D:14)
  8 merfolk
  A polar bear (D:12)
  2 blink frogs
  A wind drake (Shoals:2)
  A wind drake (shapeshifter) (D:14)
  A tarantella (Zot:1)
  3 dream sheep (Shoals:3)
  A slime creature (D:14)
  2 snapping turtles
  2 flying skulls (Crypt:3)
  A water elemental (D:15)
  A wraith (D:13)
  A yak (Lair:2)
  3 vampire mosquitoes (D:14)
  A redback simulacrum (D:14)
  4 nagas
  A harpy simulacrum (D:14)
  An acid dragon (D:14)
  A warg (Orc:1)
  A meliai simulacrum (D:15)
  An orc warrior (Vaults:5)
  3 wolves (Orc:1)
  A boggart (D:14)
  5 centaurs (D:14)
  2 electric eels (D:15)
  A howler monkey (D:14)
  Jessica (D:2)
  A boggart simulacrum (D:14)
  4 orcs
  An endoplasm (D:2)
  A goblin (Orc:1)
  3 jackals
  A bat (D:3)
  A frilled lizard (D:1)
260 creatures vanquished.

Vanquished Creatures (others)
  A dread lich (Vaults:5)
  An ancient lich (Zot:5)
  2 Killer Klowns (Zot:5)
  An electric golem (Zot:5)
  Jorgrun (D:14)
  3 tentacled monstrosities
  11 Orb Guardians (Zot:5)
  2 liches (D:14)
  2 death cobs
  Frances (D:14)
  The ghost of Eweu the Fighter, an adept DjFE of Gozag (D:14)
  A storm dragon (Vaults:5)
  A tengu reaver (Vaults:5)
  A deep elf sorcerer (Vaults:5)
  A fire giant (Depths:2)
  3 nagarajas
  3 draconian knights (Zot:5)
  2 vault wardens (Vaults:5)
  A draconian shifter (Zot:1)
  A draconian scorcher (Zot:1)
  A draconian stormcaller (Zot:5)
  2 draconian annihilators
  2 very ugly things (Vaults:5)
  6 green draconians
  2 ironbound preservers (Vaults:5)
  2 stone giants (Vaults:5)
  6 white draconians
  A yellow draconian (Zot:1)
  A black draconian (Zot:2)
  A deep elf annihilator (D:14)
  3 red draconians
  5 purple draconians
  A deep elf death mage (Vaults:5)
  A yaktaur captain (Vaults:5)
  12 vault guards
  A rakshasa (D:14)
  An ogre mage (D:15)
  A hydra (D:14)
  2 salamander tyrants (Snake:4)
  6 centaur warriors (D:14)
  2 two-headed ogres (D:15)
  15 dancing weapons
  A deep elf knight (D:14)
  6 naga sharpshooters
  2 deep trolls (Vaults:4)
  A deep elf archer (D:14)
  A harpy (Shoals:3)
  2 deep elf pyromancers
  A phantasmal warrior (Vaults:5)
  2 obsidian statues (Zot:5)
  A cyclops (D:15)
  An ugly thing (Vaults:5)
  A salamander (Snake:4)
  A naga mage (Snake:4)
  3 yaktaurs (Vaults:5)
  A rime drake (D:14)
  An ice devil (D:14)
  2 merfolk (Shoals:1)
  A troll (D:14)
  A centaur simulacrum (D:14)
  A vampire mosquito (D:15)
  8 nagas
  A black bear (shapeshifter) (D:14)
  2 ogres (D:15)
  3 orcs
  45 fungi
  241 plants
  23 tentacles
467 creatures vanquished.

Grand Total: 2633 creatures vanquished

Notes
Turn   | Place    | Note
-------+----------+-------------------------------------------
     0 | D:1      | dolemite99 the Demonspawn Gladiator began the quest for the
                  | Orb.
     0 | D:1      | Reached XP level 1. HP: 16/16 MP: 1/1
   177 | D:1      | Gained mutation: A weak demonic guardian rushes to your
                  | aid. [demonic ancestry]
   177 | D:1      | Reached XP level 2. HP: 22/22 MP: 2/2
  1009 | D:2      | Noticed Jessica
  1014 | D:2      | Killed Jessica
  1015 | D:2      | Reached XP level 3. HP: 17/27 MP: 3/3
  1177 | D:2      | Gained mutation: You are partially covered in thin metallic
                  | scales. (AC +2) [demonic ancestry]
  1177 | D:2      | Reached XP level 4. HP: 26/33 MP: 4/4
  1873 | D:3      | Reached skill level 5 in Staves
  2356 | D:3      | Noticed Natasha
  2364 | D:3      | Killed Natasha
  2365 | D:3      | Gained mutation: You have a pair of small antennae on your
                  | head. [demonic ancestry]
  2365 | D:3      | Reached XP level 5. HP: 26/38 MP: 5/5
  3406 | D:4      | Gained mutation: You regenerate magic rapidly. [demonic
                  | ancestry]
  3406 | D:4      | Reached XP level 6. HP: 39/44 MP: 6/6
  3448 | D:4      | Found a staircase to the Ecumenical Temple.
  3470 | Temple   | Entered the Ecumenical Temple
  3638 | Temple   | Became a worshipper of Gozag Ym Sagoz the Greedy
  3696 | D:4      | Identified a scroll of acquirement
  3696 | D:4      | Acquired a +1 spectral lajatang
  4063 | D:5      | Entered Level 5 of the Dungeon
  4073 | D:5      | Gained mutation: You are mostly covered in thin metallic
                  | scales. (AC +3) [demonic ancestry]
  4073 | D:5      | Reached XP level 7. HP: 48/50 MP: 7/7
  5015 | D:5      | Found a burning altar of Makhleb.
  5015 | D:5      | Noticed an Executioner
  5112 | D:5      | Gained mutation: When hurt, damage is shared between your
                  | health and your magic reserves. [demonic ancestry]
  5112 | D:5      | Reached XP level 8. HP: 50/56 MP: 8/8
  5429 | D:6      | Reached skill level 10 in Staves
  5832 | D:6      | Noticed Dowan
  5833 | D:6      | Noticed Duvessa
  5841 | D:6      | Killed Duvessa
  5862 | D:6      | Killed Dowan
  6432 | D:6      | Noticed a two-headed ogre
  6450 | D:6      | Killed a two-headed ogre
  6451 | D:6      | Reached XP level 9. HP: 27/61 MP: 4/9
  7164 | D:6      | Noticed Grinder
  7174 | D:6      | Killed Grinder
  7671 | D:7      | Noticed Menkaure
  7674 | D:7      | Killed Menkaure
  9042 | D:8      | Gained mutation: When low on magic, you restore magic in
                  | place of health. [demonic ancestry]
  9042 | D:8      | Reached XP level 10. HP: 57/67 MP: 8/10
  9743 | D:8      | Noticed Psyche
  9749 | D:8      | Killed Psyche
 10208 | D:9      | Reached skill level 1 in Armour
 10354 | D:9      | Reached skill level 3 in Fighting
 10613 | D:9      | You fall into a shaft and drop 3 floors!
 10636 | D:12     | Noticed a boulder beetle
 10647 | D:12     | Killed a boulder beetle
 10648 | D:12     | Reached skill level 4 in Fighting
 10829 | D:12     | Found a frozen archway.
 10829 | D:12     | Noticed an ice dragon
 10851 | D:12     | Reached skill level 5 in Fighting
 11115 | D:10     | Entered Level 10 of the Dungeon
 12040 | D:10     | Noticed Grum
 12061 | D:10     | Reached XP level 11. HP: 70/81 MP: 11/11
 12066 | D:10     | Reached skill level 5 in Armour
 12068 | D:10     | Killed Grum
 12069 | D:10     | Reached skill level 6 in Fighting
 12318 | D:10     | Identified the +8 hand axe of Righteous Fury {freeze, rN+}
 12559 | D:10     | Noticed Maurice
 12564 | D:10     | Killed Maurice
 12589 | D:10     | Noticed a two-headed ogre
 12595 | D:10     | Killed a two-headed ogre
 12760 | D:10     | Reached skill level 7 in Fighting
 13413 | D:9      | Noticed a two-headed ogre
 13414 | D:9      | Noticed a two-headed ogre
 13419 | D:9      | Killed a two-headed ogre
 13421 | D:9      | Killed a two-headed ogre
 13422 | D:9      | Reached skill level 8 in Fighting
 13968 | D:11     | Noticed a boulder beetle
 13968 | D:11     | Noticed a seven-headed hydra
 13976 | D:11     | Killed a boulder beetle
 13979 | D:11     | Killed a seven-headed hydra
 14773 | D:11     | Noticed a two-headed ogre
 14779 | D:11     | Killed a two-headed ogre
 14780 | D:11     | Reached skill level 9 in Fighting
 15327 | D:11     | Found Isa Qitt's Antique Weapon Emporium.
 15338 | D:11     | Bought a shimmering flail for 297 gold pieces
 15338 | D:11     | Identified the +8 flail of Hiahaix {vorpal, Will+} (You
                  | bought it in a shop on level 11 of the Dungeon)
 15408 | D:11     | Found a staircase to the Lair.
 15427 | D:11     | Reached skill level 1 in Evocations
 15612 | D:11     | Noticed Josephine
 15617 | D:11     | Reached XP level 12. HP: 85/95 MP: 12/12
 15622 | D:11     | Killed Josephine
 16106 | D:11     | Bought a ring of poison resistance for 320 gold pieces
 16159 | Lair:1   | Entered Level 1 of the Lair of Beasts
 16296 | Lair:1   | Reached skill level 5 in Evocations
 16895 | Lair:1   | Noticed Nergalle
 16903 | Lair:1   | Killed Nergalle
 17563 | Lair:1   | Noticed Amaemon
 17571 | Lair:1   | Killed Amaemon
 18441 | Lair:2   | Noticed a death yak
 18478 | Lair:2   | Killed a death yak
 18716 | Lair:2   | Reached skill level 10 in Evocations
 19012 | Lair:2   | You fall into a shaft and drop 2 floors!
 19012 | Lair:4   | Found a blossoming altar of Fedhas.
 19752 | Lair:3   | Gained mutation: You are completely covered in thin
                  | metallic scales. (AC +4, rElec) [demonic ancestry]
 19752 | Lair:3   | Reached XP level 13. HP: 52/101 MP: 10/13
 20156 | Lair:3   | Found a staircase to the Snake Pit.
 20303 | Lair:3   | Found a blossoming altar of Fedhas.
 22252 | Lair:5   | Found a viscous altar of Jiyva.
 22256 | Lair:5   | Found a staircase to the Slime Pits.
 22323 | Lair:5   | Identified the +0 halberd of Bisoul {freeze, Drain rElec
                  | rPois MP+9}
 22339 | Lair:5   | Identified the +9 plate armour "Udghunoan" {rElec rCorr
                  | Str+3 Int-5 Dex+4}
 22594 | Lair:6   | Entered Level 6 of the Lair of Beasts
 22838 | Lair:6   | Reached skill level 10 in Fighting
 23343 | Lair:6   | Reached skill level 5 in Dodging
 23761 | Lair:6   | Gained mutation: You have a pair of antennae on your head.
                  | [demonic ancestry]
 23761 | Lair:6   | Reached XP level 14. HP: 61/111 MP: 14/14
 24114 | Lair:6   | Paralysed by a hornet for 3 turns
 25136 | Lair:6   | Reached skill level 11 in Fighting
 25526 | Lair:6   | Reached skill level 12 in Fighting
 26861 | D:12     | Found a staircase to the Orcish Mines.
 27136 | D:13     | Reached skill level 13 in Fighting
 27169 | D:13     | Found a gate leading to a gauntlet.
 27349 | D:13     | Noticed Frances
 27527 | D:13     | Noticed Jorgrun
 28525 | D:14     | Acquired 1049 gold pieces
 28547 | D:14     | Noticed a lich
 28563 | D:14     | Noticed a lich
 28577 | D:14     | Identified the ring of Joab {Fire rPois Str+5 Int-3 Dex+2}
 28587 | D:14     | Identified the ring of Finality {Ice Dex+4}
 28591 | D:14     | Your ally Jorgrun died
 28592 | D:14     | Reached skill level 14 in Fighting
 28725 | D:14     | Gained mutation: A demonic guardian rushes to your aid.
                  | [demonic ancestry]
 28725 | D:14     | Reached XP level 15. HP: 117/127 MP: 13/15
 28902 | D:14     | Got the Papyrus of Earthen Translocation
 28944 | D:14     | Found a gate to the Vaults.
 29257 | D:14     | Found a runed translucent gate.
 29257 | D:14     | Found a runed translucent gate.
 29262 | D:14     | Found a runed translucent gate.
 29336 | D:14     | Noticed Eweu's ghost (adept DjFE)
 29346 | D:14     | Your ally Eweu's ghost died
 29402 | D:15     | Entered Level 15 of the Dungeon
 29583 | D:15     | Reached skill level 15 in Fighting
 29723 | D:15     | Found a radiant altar of Vehumet.
 30337 | D:15     | Reached skill level 16 in Fighting
 30337 | D:15     | Found a staircase to the Depths.
 30413 | D:14     | Your ally Frances died
 30534 | Orc:1    | Entered Level 1 of the Orcish Mines
 30595 | Orc:1    | Noticed Fannar
 30603 | Orc:1    | Killed Fannar
 30789 | Orc:2    | Entered Level 2 of the Orcish Mines
 31089 | Orc:2    | Found a staircase to the Elven Halls.
 31319 | Orc:2    | Found Ruuhadgh's Magic Scroll Shoppe.
 31319 | Orc:2    | Found Tussu's Assorted Antiques.
 31322 | Orc:2    | Found Wacuinar's Antique Armour Boutique.
 31432 | Orc:2    | Found Udoq's Jewellery Emporium.
 31438 | Orc:2    | Bought a scroll of teleportation for 69 gold pieces
 31438 | Orc:2    | Bought a plate armour for 529 gold pieces
 31438 | Orc:2    | Bought a scroll of blinking for 172 gold pieces
 31438 | Orc:2    | Bought 2 potions of heal wounds for 230 gold pieces
 31438 | Orc:2    | Bought a scroll of identify for 46 gold pieces
 31460 | Orc:2    | Bought a scroll of blinking for 90 gold pieces
 31460 | Orc:2    | Bought a scroll of blinking for 90 gold pieces
 31460 | Orc:2    | Bought a scroll of fog for 24 gold pieces
 31460 | Orc:2    | Bought a scroll of teleportation for 36 gold pieces
 31463 | Orc:2    | Bought a pair of boots for 162 gold pieces
 32869 | Lair:2   | Found a staircase to the Shoals.
 33581 | Snake:1  | Entered Level 1 of the Snake Pit
 33590 | Snake:1  | Reached skill level 1 in Bows
 34423 | Snake:1  | Noticed Aizul
 34437 | Snake:1  | Killed Aizul
 34776 | Snake:1  | Reached skill level 5 in Bows
 35653 | Snake:1  | Gained mutation: A powerful demonic guardian rushes to your
                  | aid. [demonic ancestry]
 35653 | Snake:1  | Reached XP level 16. HP: 129/140 MP: 16/16
 37815 | Snake:3  | Found Rugum's Jewellery Shop.
 37816 | Snake:3  | Found Duawno Hergh's Book Shoppe.
 37821 | Snake:3  | Found Goirure's Jewellery Shop.
 37827 | Snake:3  | Bought an amulet of regeneration for 480 gold pieces
 38615 | Snake:3  | Reached skill level 10 in Bows
 39128 | Snake:4  | Entered Level 4 of the Snake Pit
 39240 | Snake:4  | Found an opulent altar of Gozag.
 39298 | Snake:4  | Found Ciynlith's Antique Weapon Shoppe.
 40929 | Snake:4  | Got a serpentine rune of Zot
 41643 | Shoals:1 | Entered Level 1 of the Shoals
 41998 | Shoals:1 | Found Catygg's Armour Boutique.
 42114 | Shoals:1 | Noticed Nikola
 42143 | Shoals:1 | Reached XP level 17. HP: 124/146 MP: 15/17
 42163 | Shoals:1 | Killed Nikola
 42447 | Shoals:1 | Reached skill level 10 in Armour
 42760 | Shoals:1 | Noticed a kraken
 43465 | Shoals:2 | You are sucked into a shaft and drop 1 floor!
 43471 | Shoals:3 | Found Nuanaerch's Antique Weapon Shoppe.
 44441 | Shoals:4 | Entered Level 4 of the Shoals
 45761 | Shoals:4 | Reached skill level 17 in Fighting
 45823 | Shoals:4 | Got a barnacled rune of Zot
 46205 | Shoals:4 | Paralysed by a sphinx for 3 turns
 46353 | Shoals:2 | Noticed a kraken
 46526 | Shoals:2 | Found Ughouq's Weapon Shop.
 46611 | Shoals:2 | Bought 5 curare-tipped darts for 54 gold pieces
 46847 | Shoals:2 | Gained mutation: You have a pair of large antennae on your
                  | head. (SInv) [demonic ancestry]
 46847 | Shoals:2 | Reached XP level 18. HP: 96/155 MP: 14/18
 47425 | Vaults:1 | Entered Level 1 of the Vaults
 48210 | Vaults:1 | Reached skill level 18 in Fighting
 49602 | Vaults:1 | Identified the +10 scale mail of Dyspraxia {rCorr Int+2}
 50373 | Vaults:2 | Found Doretoe's Antique Armour Emporium.
 50500 | Vaults:2 | Reached skill level 19 in Fighting
 50821 | Vaults:2 | Reached skill level 15 in Bows
 50996 | Vaults:2 | Found Araanygg's Weapon Boutique.
 51054 | Vaults:2 | Found Joxke's Magic Scroll Shop.
 51064 | Vaults:2 | Bought a scroll of fog for 32 gold pieces
 51064 | Vaults:2 | Bought a scroll of acquirement for 832 gold pieces
 51066 | Vaults:2 | Acquired the ring "Vaotsae" {rElec Will++ AC+4 Str-4}
 51182 | Vaults:2 | Noticed Sojobo
 51192 | Vaults:2 | Paralysed by an air elemental for 1 turns
 51270 | Vaults:2 | Paralysed by an air elemental for 1 turns
 51653 | Elf:1    | Entered Level 1 of the Elven Halls
 51864 | Elf:1    | Gained mutation: Your hexes are more powerful. [demonic
                  | ancestry]
 51864 | Elf:1    | Reached XP level 19. HP: 153/161 MP: 19/19
 52181 | Elf:1    | Found Xagi's Distillery.
 52189 | Elf:1    | Bought a potion of heal wounds for 70 gold pieces
 52189 | Elf:1    | Bought a potion of heal wounds for 70 gold pieces
 52189 | Elf:1    | Bought a potion of curing for 42 gold pieces
 52263 | Elf:1    | Got Dynasso's Almanac of Summoning
 53269 | Elf:2    | Found a runed translucent gate.
 53269 | Elf:2    | Found a runed translucent gate.
 53272 | Elf:2    | Found a runed translucent gate.
 53350 | Elf:3    | Entered Level 3 of the Elven Halls
 53352 | Elf:3    | Paralysed by an air elemental for 1 turns
 53357 | Elf:3    | Paralysed by an air elemental for 1 turns
 53917 | Elf:3    | Identified the +0 chain mail of Eternal Night {Int+2 Dex+3}
 54229 | Elf:3    | Found Hynil's Assorted Antiques.
 54373 | Elf:3    | Bought a scroll of blinking for 195 gold pieces
 54734 | Elf:3    | Paralysed by an air elemental for 1 turns
 55322 | Elf:3    | Noticed a Tzitzimitl
 55677 | Elf:3    | Reached skill level 15 in Armour
 56007 | Elf:3    | Noticed a Tzitzimitl
 56670 | Depths:1 | Entered Level 1 of the Depths
 56833 | Depths:1 | Found a runed translucent door.
 56833 | Depths:1 | Noticed an iron giant
 56833 | Depths:1 | Noticed Woytaw's ghost (adept HaHu)
 57659 | Depths:1 | Found a shimmering altar of Xom.
 57680 | Depths:1 | Found a shimmering altar of Xom.
 57927 | Orc:2    | Bought a ring of protection from cold for 325 gold pieces
 57961 | Orc:2    | Bought a +4 ring of slaying for 1014 gold pieces
 58359 | Depths:1 | Found a shimmering altar of Xom.
 58359 | Depths:1 | Found a shimmering altar of Xom.
 58360 | Depths:1 | Found a shimmering altar of Xom.
 58551 | Depths:1 | Found a portal to a secret trove of treasure.
 58615 | Depths:1 | Found Big Baal Hell's Store.
 58710 | Depths:1 | Found a gateway to Hell.
 59694 | Depths:2 | Found a bloodstained altar of Trog.
 60439 | Depths:2 | Found a one-way gate to the infinite horrors of the Abyss.
 60445 | Depths:2 | Learned a level 2 spell: Blink
 60804 | Depths:2 | Found a one-way gate leading to the halls of Pandemonium.
 61027 | Depths:2 | Found a hide-covered altar of Uskayaw.
 61074 | Depths:2 | Acquired the +2 pair of boots of Happy Babbling {rElec
                  | Str+2 Dex+6}
 61136 | Depths:2 | Reached XP level 20. HP: 149/174 MP: 16/20
 61757 | Depths:3 | Noticed Parghit
 62062 | Depths:3 | Killed Parghit
 62711 | Depths:3 | Found a one-way gateway to a ziggurat.
 62731 | Depths:3 | Found a corrupted altar of Lugonu.
 62936 | Depths:3 | You fall into a shaft and drop 1 floor!
 62936 | Depths:4 | Entered Level 4 of the Depths
 62997 | Depths:3 | Paralysed by a floating eye for 4 turns
 63025 | Depths:3 | Noticed a dread lich
 63048 | Depths:3 | Killed a dread lich
 63049 | Depths:3 | Reached skill level 20 in Fighting
 63364 | Depths:4 | Paralysed by a sphinx for 3 turns
 63649 | Depths:4 | Noticed a juggernaut
 63660 | Depths:4 | Killed a juggernaut
 64336 | Depths:4 | Noticed a bone dragon
 64347 | Depths:4 | Killed a bone dragon
 64367 | Depths:4 | Reached skill level 21 in Fighting
 65005 | Depths:4 | Noticed Saint Roka
 65019 | Depths:4 | Killed Saint Roka
 65178 | Depths:4 | Found a gate to the Realm of Zot.
 65556 | Vaults:3 | Found Tecyitedd's Armour Boutique.
 65559 | Vaults:3 | Gained mutation: Your melee attacks may debilitate your
                  | foes. [demonic ancestry]
 65559 | Vaults:3 | Reached XP level 21. HP: 181/181 MP: 21/21
 65978 | Vaults:2 | Noticed Margery
 65999 | Vaults:2 | Killed Margery
 66321 | Vaults:2 | Killed Sojobo
 66322 | Vaults:2 | Reached skill level 22 in Fighting
 66505 | Vaults:2 | Noticed Mennas
 66535 | Vaults:2 | Killed Mennas
 67335 | Vaults:3 | Noticed Xtahua
 67346 | Vaults:3 | Killed Xtahua
 67875 | Vaults:3 | Found a staircase to the Crypt.
 68494 | Vaults:3 | Reached skill level 15 in Evocations
 68610 | Vaults:3 | Identified the +1 robe of the Old and Reckless {rN+}
 69420 | Crypt:1  | Entered Level 1 of the Crypt
 69605 | Vaults:4 | Found Jaryvi Emin's Armour Shoppe.
 69719 | Vaults:4 | Identified the amulet "Usech" {Faith rElec rF+ Dex+2}
 70192 | Vaults:4 | Noticed Jory
 70209 | Vaults:4 | Killed Jory
 70210 | Vaults:4 | Reached XP level 22. HP: 110/198 MP: 15/22
 70473 | Vaults:4 | Found Axkapt's Armour Shoppe.
 70489 | Vaults:4 | Bought the +0 pair of gloves of Slovenliness {Str+5 Slay+3}
                  | for 449 gold pieces
 70520 | Vaults:4 | Found Tecvepra's Jewellery Shoppe.
 71433 | Vaults:5 | Entered Level 5 of the Vaults
 71435 | Vaults:5 | Noticed a dread lich
 71919 | Vaults:5 | Noticed a golden dragon
 71930 | Vaults:5 | Killed a dread lich
 71966 | Vaults:5 | Killed a golden dragon
 72237 | Vaults:5 | Identified the +0 robe of Qymohif {rPois Will+ Dex+4}
 72297 | Vaults:5 | Noticed a caustic shrike
 72299 | Vaults:5 | Identified the ring "Jagio" {Fly AC+4}
 72305 | Vaults:5 | a caustic shrike changed into an iron dragon
 72525 | Vaults:5 | Identified the +3 chain mail of Untold Secrets {Will+}
 73334 | Vaults:5 | Noticed a golden dragon
 73355 | Vaults:5 | Killed a golden dragon
 73637 | Vaults:5 | Noticed a golden dragon
 73648 | Vaults:5 | Killed a golden dragon
 73913 | Vaults:5 | Noticed a golden dragon
 73920 | Vaults:5 | Killed a golden dragon
 74197 | Vaults:5 | Got a silver rune of Zot
 74208 | Vaults:5 | Identified the +8 hand axe of Charity {spect, +Blink Str+4}
 74829 | Elf:3    | Identified the +10 rapier "Nezinoil" {vamp, Str+6}
 74837 | Elf:3    | Identified the +3 ring mail of the Other World {*Slow Int+3
                  | SInv}
 74837 | Elf:3    | Identified the amulet "Logireme" {Faith rF++ Int+4 Slay-5}
 74875 | Elf:3    | Identified the +2 great mace of the Living Dead {venom,
                  | Will+}
 74890 | Elf:3    | Identified the +6 trident of Law {flame, rF+ rC++}
 74937 | Elf:3    | Reached XP level 23. HP: 70/205 MP: 14/23
 75103 | Elf:3    | Identified the ring of Riyfoips {rN+ Will++ Dex+4 SInv}
 75532 | Elf:3    | Identified the +1 leather armour of the Northern Lights
                  | {-Cast rF+++ Str-4 Dex+4}
 76301 | Zot:1    | Entered Level 1 of the Realm of Zot
 76426 | Zot:1    | Identified the +7 morningstar of Sacw {vorpal, rElec Str-5
                  | Int-4 Dex+6}
 77233 | Zot:1    | Noticed an orb of fire
 78305 | Zot:2    | Found a transporter.
 78343 | Zot:2    | Found a transporter.
 78344 | Zot:2    | Found a transporter.
 78344 | Zot:2    | Found a transporter.
 78869 | Zot:2    | Found a transporter.
 78878 | Zot:2    | Found a transporter.
 79311 | Zot:3    | Reached skill level 23 in Fighting
 79316 | Zot:3    | Noticed a curse toe
 79321 | Zot:3    | Killed a curse toe
 81323 | Zot:4    | Reached skill level 24 in Fighting
 81651 | Zot:4    | Reached XP level 24. HP: 195/217 MP: 22/23
 82935 | Slime:1  | Entered Level 1 of the Pits of Slime
 83637 | Slime:1  | Reached skill level 25 in Fighting
 83851 | Slime:1  | Gained mutation: You are weak. (Str -2) [a shining eye]
 84096 | Slime:1  | Learned a level 2 spell: Passwall
 84755 | Slime:2  | Reached skill level 1 in Translocations
 85451 | Slime:3  | Gained mutation: You tend to lose your temper in combat. [a
                  | shining eye]
 85515 | Slime:3  | Lost mutation: You are weak. (Str -2) [potion of mutation]
 85515 | Slime:3  | Lost mutation: You tend to lose your temper in combat.
                  | [potion of mutation]
 85515 | Slime:3  | Gained mutation: You expend magic power (3 MP) to
                  | strengthen your wands. [potion of mutation]
 85515 | Slime:3  | Gained mutation: You are resistant to electric shocks.
                  | (rElec) [potion of mutation]
 85617 | Slime:4  | Gained mutation: Your body sometimes deteriorates upon
                  | taking damage. [a shining eye]
 85947 | Slime:5  | Entered Level 5 of the Pits of Slime
 85961 | Slime:5  | Reached skill level 5 in Translocations
 87860 | Slime:4  | Gained mutation: You are weak. (Str -2) [a shining eye]
 87869 | Slime:5  | Gained mutation: You are frail. (-10% HP) [a shining eye]
 88116 | Slime:5  | Found a viscous altar of Jiyva.
 88117 | Slime:5  | Noticed the Royal Jelly
 88229 | Slime:5  | Killed the Royal Jelly
 88234 | Slime:4  | Gained mutation: Your spells are a little easier to cast,
                  | but a little less powerful. [a shining eye]
 88505 | Slime:4  | Gained mutation: Your spells are easier to cast, but less
                  | powerful. [a shining eye]
 90305 | Slime:5  | Got a slimy rune of Zot
 90363 | Slime:5  | Identified the +0 leather armour "Gyjialen" {Dex+3}
 90380 | Slime:5  | Identified the +1 scale mail "Utaj" {Dex+3}
 91362 | Crypt:1  | Reached skill level 10 in Translocations
 92067 | Crypt:1  | Reached XP level 25. HP: 204/204 MP: 23/23
 93326 | Crypt:2  | Found an ancient bone altar of Kikubaaqudgha.
 94590 | Crypt:3  | Entered Level 3 of the Crypt
 94605 | Crypt:3  | Reached skill level 1 in Earth Magic
 94975 | Crypt:3  | Reached skill level 5 in Earth Magic
 95167 | Crypt:3  | Found a basalt altar of Yredelemnul.
 95167 | Crypt:3  | Noticed a dread lich
 95175 | Crypt:3  | Killed a dread lich
 95758 | Crypt:3  | Found a staircase to the Tomb.
 95874 | Crypt:3  | Identified the ring of Tudefeos {rC+ AC+4}
 96444 | Crypt:2  | Found a basalt altar of Yredelemnul.
 96831 | Zot:5    | Entered Level 5 of the Realm of Zot
 97457 | Zot:5    | Noticed an ancient lich
 97467 | Zot:5    | Noticed an orb of fire
 97473 | Zot:5    | Noticed a Killer Klown
 97483 | Zot:5    | Noticed a Killer Klown
 97485 | Zot:5    | Got the Orb of Zot
 97491 | Zot:5    | Noticed a Killer Klown
 97492 | Zot:5    | Noticed a Killer Klown
 97495 | Zot:5    | Noticed a Killer Klown
 97496 | Zot:5    | Noticed a Killer Klown
 97509 | Zot:5    | Killed a Killer Klown
 97538 | Zot:5    | Killed an ancient lich
 97611 | Zot:2    | Noticed Otoc the pandemonium lord
 97620 | Zot:2    | Killed Otoc the pandemonium lord
 97621 | Zot:2    | Reached skill level 10 in Earth Magic
 98294 | D:2      | Noticed Jicinaq the pandemonium lord
 98318 | D:$      | Escaped with the Orb!

Illustrated notes

Levels and vault maps discovered:
D:1:      ebering_trefoil_twist, layout_loops_ring
D:2:      layout_rooms, minmay_heptomino_d4, uniq_jessica
D:3:      layout_loops_ring, item_on_display_b, uniq_natasha
D:4:      layout_loops_ring, minmay_temple_entry_grid
D:5:      layout_rooms, makhleb_altar_promises_db, eino_curves_04,
          serial_bayou_pond_d
D:6:      minmay_recursive_quarters, layout_loops_corners, uniq_grinder,
          uniq_duvessa
D:7:      layout_loops_ring, uniq_menkaure
D:8:      layout_basic, uniq_psyche
D:9:      layout_irregular_city, kennysheep_generic_room_13
D:10:     layout_roguey, uniq_maurice, uniq_grum
D:11:     layout_basic, david_lair_shrubbed, serial_shops,
          nicolae_shop_window_shopping, uniq_josephine
D:12:     layout_roguey, orc_0_dummy, portal_ice_cave_entry_animals_and_master
D:13:     layout_loops_ring, gauntlet_entry_generic, zin_treasury, uniq_frances,
          uniq_jorgrun
D:14:     minmay_the_grid_3x2 [minmay_the_grid_paths, minmay_the_grid_mess,
          minmay_the_grid_garden, minmay_the_grid_medium_cups,
          minmay_the_grid_tri_star, minmay_the_grid_prize_trominoes],
          layout_basic, lightli_vaults_fourway_checkpoint, gammafunk_ghost_icy
D:15:     grunt_enter_depths_magical_seal, layout_basic, old_standard_altar
Temple:   mainiacjoe_temple_circle_huts
Lair:1:   layout_layer_cave, beast_lair_carwin_9, grunt_megastairs_4,
          uniq_nergalle, uniq_amaemon
Lair:2:   layout_concentric_octagons, shoals_dummy_entry,
          small_statue_intersection, serial_bayou_shore_a, lemuel_fruit_tree,
          infiniplex_staircase_pool
Lair:3:   layout_gridlike, guppyfry_snake_entry_garden, basic_altar,
          lemuel_fruit_fields
Lair:4:   layout_long_grid, minivault_26, tgw_fedhas
Lair:5:   layout_gridlike, slime_altar_1, serial_forest,
          infiniplex_forest_corner_1, infiniplex_forest_diagonal,
          infiniplex_forest_zigzag_1, infiniplex_forest_lined_corner,
          infiniplex_forest_end_1, infiniplex_forest_straight_4,
          infiniplex_forest_clump_C, infiniplex_forest_clump_diagonal,
          small_statue_intersection
Lair:6:   hangedman_lair_tendril_chambers, layout_regular_city,
          hangedman_lair_caniforms_friends, chequers_serial_rivers_micro_b,
          infiniplex_staircase_pool_2
Shoals:1: layout_shoals, serial_shops, nicolae_shop_crystal,
          nicolae_shoals_this_corrosion, uniq_nikola
Shoals:2: layout_shoals, serial_shops, nicolae_square_shop,
          nicolae_shoals_mertower
Shoals:3: layout_shoals, nicolae_shoals_c_island
Shoals:4: shoals_end_hellmonk_lost_city
Snake:1:  layout_misc_corridors, minmay_snake_pond, uniq_aizul
Snake:2:  layout_basic, grunt_megastairs_1
Snake:3:  layout_basic, minmay_shop_grove
Snake:4:  minmay_snake_end_coiled, layout_basic, basic_altar, serial_shops,
          nicolae_shop_statue_plus
Slime:1:  cheibrodos_slime_lost_civilization_2, layout_caves,
          nicolae_slime_phagocytosis
Slime:2:  layout_caves
Slime:3:  layout_caves
Slime:4:  layout_caves
Slime:5
Orc:1:    layout_diamond_mine, basic_altar, nicolae_orc_sculptors_studio,
          mines5_lemuel, uniq_fannar
Orc:2:    st_orc_rangers, layout_caves, basic_altar
Elf:1:    nicolae_elf_arrival_fired_up, layout_onion_city, serial_shops, shop,
          minmay_elf_demonology
Elf:2:    nicolae_elf_blades_splatter_lattice
          [nicolae_blade_entry_area_security], layout_geoelf_grid,
          eino_tiny_chamber
Elf:3:    elf_hall, layout_loops_corners, serial_shops, shop
Vaults:1: grunt_vaults_hallway_short, vaults_room_door_ring, st_spiral_rooms,
          nicolae_vaults_network_square, nicolae_vaults_alarming,
          vaults_mumra_hex, ontoclasm_vaults_twist, vaults_mumra_chevron_long,
          v_misc_28, hangedman_vaults_corner, nicolae_vaults_shelves_hall,
          v_misc_14, grunt_vaults_hallway_short, nicolae_vaults_three_branches,
          layout_vaults_ring
Vaults:2: grunt_vaults_twisty, vaults_dpeg_cross,
          nicolae_vaults_disjoint_gnomons, grunt_vaults_diagonal,
          nicolae_vaults_little_ls, vaults_room_door_ring, v_pattern_4,
          vaults_room_fours, vaults_room_door_ring, layout_vaults_omnicross,
          serial_shops, shop, nicolae_square_shop, shop, uniq_mennas,
          uniq_margery, uniq_sojobo
Vaults:3: minmay_crypt_entry_simple_sparse, nicolae_vaults_ninety_degrees,
          v_alt_pattern_5, vaults_mumra_minichess, hangedman_vaults_river_flow,
          v_misc_14, nicolae_vaults_rhombus_5, nicolae_vaults_big_ls,
          nicolae_vaults_border_crossing, nicolae_vaults_diagonal_hallway_6,
          v_misc_16, ontoclasm_vaults_fault, vaults_dpeg_doors,
          nicolae_vaults_little_squares_5, layout_vaults_maze_snakey,
          serial_shops, nicolae_shop_advertising_works
          [nicolae_subvault_shop_adworks], uniq_xtahua
Vaults:4: hangedman_vaults_stagger, nicolae_vaults_puzzle_piece,
          vaults_room_pool, nicolae_vaults_lopsided_apartments,
          vaults_mumra_hexcomb, grunt_vaults_hallway_long, vaults_room_fours,
          vaults_room_pools, nicolae_vaults_little_squares_6,
          layout_vaults_chaotic_city, serial_shops, nicolae_shop_behind_doors,
          shop, shop, uniq_jory
Vaults:5
Crypt:1:  layout_gridlike, nicolae_crypt_crumbling_hall,
          grunt_crypt_arrival_webbed, roderic_lattice_octagonal_star,
          uniq_grunn, uniq_josephina
Crypt:2:  layout_rooms, basic_altar, hangedman_weighted_door,
          grunt_ministairs_11, minmay_misc_feat_rows, lemuel_upstairs_altar
Crypt:3:  cryptofortress_bobbens
Depths:1: layout_gridlike, hellmonk_ghost_big_iron, enter_trove_1,
          kennysheep_decorative_pillar, nicolae_hell_entry_big_baal_hell,
          minmay_misc_feat_doors, xom_redecorated
Depths:2: cross_vault, layout_cave_pools, abyss_entry, grunt_pan_entry_zigzag,
          basic_altar, hell_entry, grunt_ministairs_11,
          eat_drink_and_be_merry_uskayaw
Depths:3: hellmonk_paralyzer, layout_basic, enter_ziggurat_a,
          abyss_entry_flame_altar, minmay_stone_trees_small,
          grunt_hell_entry_dis_grunt, grunt_pan_entry_spiral, mu_enter_wizlab_2,
          uniq_parghit
Depths:4: grunt_zot_entry_alcove, layout_gridlike, rand_demon_pan_entry_8,
          roderic_cross_of_infinity, hell_entry, uniq_saint_roka
Zot:1:    layout_basic, grunt_ministairs_5, hangedman_spider_trapstep,
          uniq_tiamat
Zot:2:    layout_onion_interference, serial_nicolae_subway,
          nicolae_sub_station_stone, nicolae_sub_station_crystal,
          nicolae_sub_station_metal
Zot:3:    layout_gridlike, bh_zot_lava_cross
Zot:4:    layout_gridlike
Zot:5:    layout_misc_corridors

Skill      XL: |  1  2  3  4  5  6  7  8  9 10 11 12 13 14 15 16 17 18 19 20 21 22 23 24 25 |
---------------+----------------------------------------------------------------------------+-----
Staves         | 3 4 5 6 7 9 11 13 14 | 14.0
Armour         | 4 8 9 13 15 | 15.2
Fighting       | 5 9 10 14 16 17 19 21 22 24 25 | 25.0
Evocations     | 1 10 13 16 20 22 | 22.4
Dodging        | 6 8 |  8.0
Bows           | 6 12 15 17 18 | 18.1
Translocations | 11 13 | 13.6
Earth Magic    | 10 | 10.6
Throwing       | |  1.7

Action                   |  1- 3 |  4- 6 |  7- 9 | 10-12 | 13-15 | 16-18 | 19-21 | 22-24 | 25-27 || total
-------------------------+-------+-------+-------+-------+-------+-------+-------+-------+-------++-------
Melee: Quarterstaff      |    89 |   150 |       |       |    26 |       |       |       |       ||   265
       Lajatang          |       |    14 |   152 |   320 |   611 |   582 |   878 |   981 |   441 ||  3979
       Longbow           |       |       |       |       |       |     6 |       |       |       ||     6
 Fire: Longbow           |       |       |       |       |    43 |   680 |   695 |   750 |   128 ||  2296
Throw: Dart              |       |       |       |       |     3 |       |       |       |       ||     3
       Javelin           |       |       |       |       |    48 |       |       |       |       ||    48
 Cast: Blink             |       |       |       |       |       |       |       |       |     2 ||     2
Invok: Call Merchant     |       |       |       |     1 |       |       |       |       |       ||     1
       Potion Petition   |       |       |       |       |     2 |     3 |     1 |     9 |       ||    15
       Bribe Branch      |       |       |       |       |     1 |     1 |       |     2 |     1 ||     5
Evoke: Wand              |       |       |       |     9 |    53 |    37 |    19 |    11 |     1 ||   130
       Box of beasts     |       |       |       |       |     3 |    10 |     9 |     3 |     1 ||    26
       Lightning rod     |       |       |       |       |       |       |    30 |    18 |       ||    48
       Phial of floods   |       |       |       |       |       |       |     7 |     6 |       ||    13
       Condenser vane    |       |       |       |       |       |       |       |     6 |     2 ||     8
       Phantom mirror    |       |       |       |       |       |       |       |     3 |       ||     3
  Use: Scroll            |     3 |     5 |     3 |    21 |    13 |    23 |    17 |    16 |     4 ||   105
       Potion            |     1 |       |       |     2 |     3 |    12 |    17 |     8 |     7 ||    50
 Stab: Distracted        |       |       |       |     8 |    13 |    11 |    29 |    44 |    14 ||   119
       Paralysed         |       |       |       |       |     4 |     6 |     2 |     2 |       ||    14
       Petrified         |       |       |       |       |     1 |       |       |       |       ||     1
       Confused          |       |       |       |       |       |     1 |       |       |       ||     1
       Invisible         |       |       |       |       |       |     1 |       |     2 |       ||     3
Armor: Ring mail         |     8 |       |       |       |       |       |       |       |       ||     8
       Chain mail        |    46 |   116 |    77 |   190 |    12 |       |       |       |       ||   441
       Plate armour      |       |       |       |       |   536 |   713 |   368 |       |       ||  1617
       Gold dragon scale |       |       |       |       |       |       |   551 |  1176 |   496 ||  2223
       Skin              |       |       |       |       |       |       |       |     7 |       ||     7
Dodge: Dodged            |    48 |    68 |    60 |   157 |   512 |   596 |   523 |   655 |   257 ||  2876

Table legend: (Time is in decaauts)
 A = Elapsed time spent in this place.
 B = Non-inter-level travel time spent in this place.
 C = Inter-level travel time spent in this place.
 D = Time resting spent in this place.
 E = Time spent auto-exploring this place.
 F = Levels seen in this place.
 G = Mean time per level.
                   A        B        C        D        E       F      G
               +--------+--------+--------+--------+--------+-----+--------+
         Total |  97820 |  90199 |   7621 |  33610 |  37676 |  57 | 1716.1 |
       Dungeon |  23433 |  20492 |   2941 |   7322 |   9999 |  15 | 1562.2 |
        Temple |    179 |    169 |     10 |      0 |    134 |   1 |  179.0 |
          Lair |  11585 |  10283 |   1302 |   2929 |   5441 |   6 | 1930.8 |
        Shoals |   5659 |   5542 |    117 |   2314 |   1676 |   4 | 1414.8 |
     Snake Pit |   8037 |   7873 |    164 |   2766 |   3641 |   4 | 2009.2 |
    Slime Pits |   7803 |   7645 |    158 |   4677 |   1738 |   5 | 1560.6 |
  Orcish Mines |   1528 |   1074 |    454 |    159 |    518 |   2 |  764.0 |
   Elven Halls |   6073 |   5843 |    230 |   2540 |   2164 |   3 | 2024.3 |
        Vaults |  13379 |  12430 |    949 |   4628 |   4536 |   5 | 2675.8 |
         Crypt |   5106 |   4999 |    107 |   1602 |   1904 |   3 | 1702.0 |
        Depths |   7880 |   7121 |    759 |   2563 |   2813 |   4 | 1970.0 |
           Zot |   7152 |   6727 |    425 |   2105 |   3108 |   5 | 1430.4 |
               +--------+--------+--------+--------+--------+-----+--------+

Top non-repeatable levels by time:
   Elf:3: 3808 daAuts
    D:11: 3485 daAuts
Vaults:3: 3059 daAuts
  Lair:6: 3053 daAuts
Vaults:1: 2891 daAuts
Vaults:4: 2889 daAuts
 Slime:4: 2658 daAuts
Depths:1: 2577 daAuts
     D:6: 2532 daAuts
  Lair:1: 2532 daAuts
Vaults:2: 2434 daAuts
 Snake:4: 2361 daAuts
 Snake:1: 2335 daAuts
    D:14: 2316 daAuts
Depths:4: 2117 daAuts
